 Dungeon Crawl Stone Soup version 0.30-a0-571-gdf30a72648 (webtiles) character file.

Game seed: 3146359462787039346

2023 Darkkill the Shooter (level 9, -6/79 HPs)
             Began as a Minotaur Hunter on Dec 30, 2022.
             Was an Initiate of Gozag.
             Mangled by a yak (7 damage)
             ... on level 6 of the Dungeon.
             The game lasted 00:05:05 (5658 turns).

Darkkill the Shooter (Minotaur Hunter)              Turns: 5658, Time: 00:05:05

Health: -6/79      AC:  6    Str: 15    XL:     9   Next: 3%
Magic:  8/8        EV: 16    Int:  6    God:    Gozag
Gold:   276        SH:  0    Dex: 19    Spells: 8/8 levels left

rFire   . . .      SeeInvis +    a - +1 shortbow
rCold   . . .      Faith    .    (shield currently unavailable)
rNeg    . . .      Spirit   .    c - +3 leather armour
rPois   .          Reflect  .    (helmet restricted)
rElec   .          Harm     .    (no cloak)
rCorr   .          Rampage  .    (no gloves)
Will    .....                    (no boots)
Stlth   +                        (no amulet)
HPRegen 0.33/turn                y - ring of see invisible
MPRegen 0.11/turn                (no ring)

@: confused, ambrosia-drunk
A: horns 2, retaliatory headbutt
a: Renounce Religion, Potion Petition, Call Merchant, Bribe Branch


You were on level 6 of the Dungeon.
You worshipped Gozag.
Gozag was aware of your devotion.
You visited 2 branches of the dungeon, and saw 8 of its levels.

You collected 390 gold pieces.
You paid 114 gold pieces to Gozag.

Inventory:

Hand Weapons
 a - a +1 shortbow (weapon)
Missiles
 d - 70 stones
 g - 3 silver javelins
 o - 2 javelins
 r - 12 atropa-tipped darts
 u - 16 poisoned darts
 w - 9 boomerangs
Armour
 c - a +3 leather armour (worn)
Jewellery
 y - a ring of see invisible (left hand)
Wands
 q - a wand of charming (7)
Scrolls
 b - a scroll of immolation
 e - 4 scrolls of poison
 v - a scroll of teleportation
 x - a scroll of enchant armour
Potions
 f - a potion of haste {unknown}
 h - 2 potions of lignification
 i - 3 potions of brilliance
 j - a potion of flight {unknown}
 k - a potion of ambrosia
 n - a potion of might {unknown}
 t - a potion of mutation {unknown}
 z - a potion of resistance


   Skills:
 + Level 7.4 Fighting
 + Level 7.8 Ranged Weapons
 + Level 6.8 Dodging
 + Level 5.3 Stealth


You had 8 spell levels left.
You didn't know any spells.
Your spell library contained the following spells:

 Spells                   Type           Power      Damage    Failure   Level
 Slow                     Hex            0%         N/A       52%         1
 Blink                    Tloc           0%         N/A       67%         2
 Momentum Strike          Conj/Tloc      0%         3d8       67%         2
 Sublimation of Blood     Necr           0%         N/A       67%         2
 Wereblood                Tmut           0%         N/A       67%         2
 Confusing Touch          Hex            0%         N/A       88%         3
 Lesser Beckoning         Tloc           0%         N/A       88%         3
 Vampiric Draining        Necr           0%         2d6       88%         3
 Summon Hydra             Summ           0%         N/A       100%        7


Dungeon Overview and Level Annotations

Branches:
Dungeon (7/15)             Temple (1/1) D:6

Altars:
Gozag
Kikubaaqudgha
Makhleb
Qazlal
Sif Muna
Trog
Vehumet
The Shining One

Shops:
D:2 [


Innate Abilities, Weirdness & Mutations

You have a pair of horns on your head.
You reflexively headbutt those who attack you in melee.


Message History

The yak is distracted by your dazzling golden aura.
There is a stone staircase leading up here.
You can't go down here!
The yak closely misses you. You furiously retaliate!
You headbutt the yak.
You climb upwards.
There is a stone staircase leading down here.
Things that are here:
an amulet of faith; an amulet of the acrobat You shoot an arrow.
The arrow hits the yak.
The yak is lightly wounded.
The yak completely misses you. The yak gores you but does no damage.
You shoot an arrow. The arrow hits the yak!
The yak is heavily wounded.
The yak gores you!
* * * LOW HITPOINT WARNING * * *
You shoot an arrow. The arrow hits the yak.
The yak is heavily wounded.
The yak gores you.
* * * LOW HITPOINT WARNING * * *
You shoot an arrow. The arrow barely misses the yak.
The yak misses you.
You feel better. The yak gores you but does no damage.
You feel better. The yak gores you.
* * * LOW HITPOINT WARNING * * *
You feel better. The yak gores you but does no damage.
You feel protected. The yak closely misses you. You furiously retaliate!
You headbutt the yak. You shoot an arrow. The arrow hits the yak!
The yak is almost dead.
The yak misses you. You furiously retaliate!
You headbutt the yak!
You kill the yak!
You have reached level 9!
Your experience leads to an increase in your attributes!
Increase (S)trength, (I)ntelligence, or (D)exterity?
You feel agile. x2
You start resting.
You start to feel less resistant.
There is a stone staircase leading down, spattered with blood here.
Things that are here:
an amulet of faith; an amulet of the acrobat You now have 276 gold pieces (gained 16).
You start resting.
Your resistance to elements expires.
There is a stone staircase leading down, spattered with blood here.
Things that are here:
an amulet of faith; an amulet of the acrobat You start resting.
HP restored.
You climb downwards.
There is a stone staircase leading up here.
You shoot an arrow. The arrow hits the yak.
The yak is lightly wounded.
The yak gores you but does no damage. The yak closely misses you.
The yak gores you! The yak completely misses you. You furiously retaliate!
You headbutt the yak.
You climb upwards.
There is a stone staircase leading down, spattered with blood here.
Things that are here:
an amulet of faith; an amulet of the acrobat The yak completely misses you. x2; You furiously retaliate!
You headbutt the yak! You shoot an arrow. The arrow closely misses the yak.
The yak misses you. The yak gores you but does no damage. The yak gores you.
You shoot an arrow. The arrow barely misses the yak.
The yak barely misses you. The yak gores you but does no damage.
The yak barely misses you. You furiously retaliate!
You headbutt the yak. You shoot an arrow. The arrow hits the yak!
The yak is almost dead.
The yak misses you. The yak barely misses you. The yak gores you.
You shoot an arrow. The arrow hits the yak!
The yak is moderately wounded.
The yak closely misses you. You furiously retaliate!
You headbutt the yak! The yak misses you. You furiously retaliate!
You headbutt the yak! The yak gores you but does no damage.
You shoot an arrow. The arrow barely misses the yak.
The yak closely misses you. The yak gores you!
The yak gores you but does no damage. The yak gores you. x3
You shoot an arrow.
The arrow hits the yak but does no damage.
The yak is almost dead.
The yak gores you but does no damage. The yak gores you!
The yak gores you but does no damage.
You shoot an arrow. The arrow hits the yak.
The yak is heavily wounded.
The yak misses you. The yak gores you!
* * * LOW HITPOINT WARNING * * *
The yak gores you!
* * * LOW HITPOINT WARNING * * *
You shoot an arrow.
The arrow hits the yak but does no damage.
The yak is heavily wounded.
The yak barely misses you. The yak closely misses you.
The yak barely misses you.
You are confused.
You feel invigorated. The yak gores you.
* * * LOW HITPOINT WARNING * * *
The yak closely misses you. The yak gores you!
* * * LOW HITPOINT WARNING * * *
The yak attacks as you move away! The yak gores you!
You die...
Your body crumbles into a pile of gold.

.....PPP...PPPPPP...PPPP.........
...PPPPPP......PPPPPP.......#....
..PPP...PPP......PPP....P...##...
......_...PPPPP......PPPP...#....
##............PPP...PPP.........)
..+.............PPPPP......#.....
..#...................#....##....
..#.............Y.#...+....#..###
..#............Y@.#####........#.
#######'#######.Y.........#......
.....#...#....#...........#......
.....'...#....'...........#......
.....#...#....#................#.
...####..###..#####........#..###
...####..###..##..#........##....
..........)[...#..#....#####.....
..........)....'..'....#..'......


You could see 3 yaks.

Vanquished Creatures
  3 yaks
  A water moccasin (D:6)
  Duvessa (D:5)
  3 ogres
  3 scorpions
  5 necrophages
  5 wights (D:4)
  Dowan (D:5)
  A howler monkey (D:4)
  3 hounds
  Jessica (D:2)
  Terence (D:2)
  An iguana (D:6)
  5 gnolls
  3 adders (D:2)
  5 dart slugs
  6 orcs
  8 endoplasms
  3 giant cockroaches
  9 goblins
  9 hobgoblins
  3 jackals (D:3)
  10 kobolds
  7 quokkas
  10 ball pythons
  7 bats
  7 frilled lizards
  2 rats
123 creatures vanquished.

Vanquished Creatures (others)
  A gnoll (D:7)
1 creature vanquished.

Grand Total: 124 creatures vanquished

Notes
Turn   | Place    | Note
-------+----------+-------------------------------------------
     0 | D:1      | Darkkill the Minotaur Hunter began the quest for the Orb.
     0 | D:1      | Reached XP level 1. HP: 18/18 MP: 0/0
    72 | D:1      | HP: 2/18 [quokka (3)]
    75 | D:1      | Reached skill level 1 in Stealth
    79 | D:1      | Reached XP level 2. HP: 5/25 MP: 1/1
   665 | D:1      | Reached XP level 3. HP: 31/31 MP: 2/2
  1016 | D:2      | Noticed Terence
  1028 | D:2      | Killed Terence
  1097 | D:2      | Reached XP level 4. HP: 38/38 MP: 3/3
  1130 | D:2      | Reached skill level 5 in Ranged Weapons
  1303 | D:2      | Found Wovoerah's Antique Armour Shop.
  1366 | D:2      | Noticed Jessica
  1367 | D:2      | Killed Jessica
  1610 | D:3      | Reached XP level 5. HP: 46/46 MP: 4/4
  1699 | D:3      | Found a burning altar of Makhleb.
  2373 | D:4      | Noticed an ogre
  2380 | D:4      | Killed an ogre
  2381 | D:4      | Reached XP level 6. HP: 53/53 MP: 5/5
  2783 | D:4      | You fall into a shaft and drop 2 floors!
  2906 | D:6      | Found an ancient bone altar of Kikubaaqudgha.
  2931 | D:6      | Found a bloodstained altar of Trog.
  2949 | D:6      | Reached skill level 5 in Fighting
  2949 | D:6      | Reached XP level 7. HP: 61/61 MP: 6/6
  3065 | D:5      | Entered Level 5 of the Dungeon
  3144 | D:5      | Noticed Duvessa
  3145 | D:5      | Noticed Dowan
  3151 | D:5      | Killed Dowan
  3152 | D:5      | Reached skill level 5 in Dodging
  3157 | D:5      | HP: 5/61 [Duvessa/+0 short sword (12)]
  3158 | D:5      | Killed Duvessa
  3421 | D:4      | Reached XP level 8. HP: 30/70 MP: 7/7
  4273 | D:5      | Found a stormy altar of Qazlal.
  5057 | D:6      | Found a glowing golden altar of the Shining One.
  5186 | D:6      | Found a staircase to the Ecumenical Temple.
  5342 | Temple   | Entered the Ecumenical Temple
  5384 | Temple   | Became a worshipper of Gozag Ym Sagoz the Greedy
  5457 | D:7      | Reached skill level 5 in Stealth
  5457 | D:7      | HP: 12/73 [yak (15)]
  5498 | D:6      | HP: 10/73 [yak (15)]
  5506 | D:6      | Reached XP level 9. HP: 33/79 MP: 8/8
  5655 | D:6      | HP: 10/79 [yak (10)]
  5657 | D:6      | HP: 1/79 [yak (9)]
  5658 | D:6      | Mangled by a yak

Illustrated notes

Levels and vault maps discovered:
D:1:      kennysheep_arrival_forest, layout_loops_ring,
          chequers_serial_rivers_micro_a, minmay_distorted
D:2:      layout_rooms, serial_shops, nicolae_shop_waterfront,
          kennysheep_jessica_study, uniq_terence
D:3:      kb_forest_paths, layout_rooms, mainiacjoe_overflow_alcove_1
D:4:      layout_basic, minmay_pentomino_pile
D:5:      layout_loops_corners, nicolae_qazlal_scattered_showers, uniq_duvessa
D:6:      nicolae_cairo_tiling_large_dashed, layout_gridville,
          mainiacjoe_overflow_six_doors_small,
          mainiacjoe_overflow_catch_the_wave,
          minmay_temple_entry_enclosed_plants
D:7:      layout_gridville, minivault_27, uniq_menkaure
Temple:   nicolae_temple_slightly_damp_pantheon

Skill      XL: |  1  2  3  4  5  6  7  8 |
---------------+-------------------------+-----
Stealth        | 1 2 3 4 5 |  5.3
Fighting       | 3 4 5 6 7 |  7.4
Dodging        | 3 4 5 6 |  6.8
Ranged Weapons | 5 6 7 |  7.8

Action                   |  1- 3 |  4- 6 |  7- 9 || total
-------------------------+-------+-------+-------++-------
 Fire: Shortbow          |    83 |   163 |   172 ||   418
Evoke: Wand              |       |       |    16 ||    16
  Use: Scroll            |     5 |     8 |     7 ||    20
       Potion            |       |       |    10 ||    10
Armor: Leather armour    |    21 |    15 |    29 ||    65
Dodge: Dodged            |    47 |    45 |   102 ||   194

Table legend: (Time is in decaauts)
 A = Elapsed time spent in this place.
 B = Non-inter-level travel time spent in this place.
 C = Inter-level travel time spent in this place.
 D = Time resting spent in this place.
 E = Time spent auto-exploring this place.
 F = Levels seen in this place.
 G = Mean time per level.
                   A        B        C        D        E       F      G
               +--------+--------+--------+--------+--------+-----+--------+
         Total |   5759 |   5650 |    109 |    314 |   4389 |   8 |  719.9 |
       Dungeon |   5706 |   5597 |    109 |    314 |   4366 |   7 |  815.1 |
        Temple |     52 |     52 |      0 |      0 |     23 |   1 |   52.0 |
               +--------+--------+--------+--------+--------+-----+--------+

Top non-repeatable levels by time:
     D:4: 1262 daAuts
     D:6: 1240 daAuts
     D:1: 986 daAuts
     D:5: 948 daAuts
     D:3: 605 daAuts
     D:2: 596 daAuts
     D:7: 65 daAuts
  Temple: 52 daAuts

Table legend:
 A = Kills in this place as a percentage of kills in entire the game.
 B = Kills by you in this place as a percentage of kills by you in the entire game.
 C = Kills by friends in this place as a percentage of kills by friends in the entire game.
 D = Other kills in this place as a percentage of other kills in the entire game.
 E = Experience gained in this place as a percentage of experience gained in the entire game.
 F = Experience gained in this place divided by the number of levels of this place that you have seen.
                   A       B       C       D       E      F
               +-------+-------+-------+-------+-------+----------------------
         Total | 100.0 | 100.0 |   N/A |   N/A | 100.0 | 361.4
       Dungeon | 100.0 | 100.0 |   N/A |   N/A | 100.0 | 413.0
               +-------+-------+-------+-------+-------+----------------------
